 Dungeon Crawl Stone Soup version 0.32-a0-933-ga8fa3634e4 (webtiles) character file.

Game seed: 18204347744824310756

40 Autsider the Chiller (level 3, -2/26 HPs)
             Began as a Merfolk Ice Elementalist on Apr 14, 2024.
             Slain by a goblin
             ... wielding a +0 club
              (4 damage)
             ... on level 2 of the Dungeon.
             The game lasted 00:04:53 (770 turns).

Autsider the Chiller (Merfolk Ice Elementalist)      Turns: 770, Time: 00:04:54

Health: -2/26      AC:  3    Str:  8    XL:     3   Next: 50%
Magic:  0/6        EV: 11    Int: 16    God:
Gold:   43         SH:  0    Dex: 14    Spells: 5/6 levels left

rFire   . . .        c - +0 trident
rCold   . . .        (no shield)
rNeg    . . .        f - +0 leather armour
rPois   .            (no helmet)
rElec   .            (no cloak)
rCorr   .            (no gloves)
SInv    .            (no boots)
Will    .....        (no amulet)
Stlth   ++           (no ring)
HPRegen 0.24/turn    (no ring)
MPRegen 0.10/turn

%: no passive effects
@: no status effects
A: (nimble swimmer 2), mertail
a: no special abilities


You were on level 2 of the Dungeon.
You visited 1 branch of the dungeon, and saw 2 of its levels.

You collected 43 gold pieces.

Inventory:

Hand Weapons
 c - a +0 trident (weapon)
Armour
 a - a +0 robe
 f - a +0 leather armour (worn)
Scrolls
 d - a scroll of teleportation {unknown}
 e - a scroll of acquirement {unknown}
 h - 2 scrolls of enchant armour {unknown}
 i - a scroll of identify {unknown}
Potions
 b - a potion of magic
 g - a potion of enlightenment {unknown}
 j - a potion of ambrosia {unknown}


   Skills:
 + Level 1.3 Fighting
 + Level 1.7 Polearms
 + Level 3.4 Dodging
 - Level 2.1 Stealth
 - Level 2.0 Spellcasting
 + Level 4.7 Ice Magic


You had 5 spell levels left.
You knew the following spells:

 Your Spells              Type           Power      Damage    Failure   Level
a - Freeze                Ice            64%        1d7       4%          1

Your spell library contained the following spells:

 Spells                   Type           Power      Damage    Failure   Level
 Frozen Ramparts          Ice            32%        1d5       13%         3
 Ozocubu's Armour         Ice            16%        N/A       13%         3
 Summon Ice Beast         Ice/Summ       9%         N/A       34%         3


Dungeon Overview and Level Annotations

Branches:
Dungeon (2/15)

Altars:

Shops:
D:1 =


Innate Abilities, Weirdness & Mutations

((You are very nimble when in or above water. (Stealth+, EV+, Speed+++)))
Your lower body shifts to a powerful aquatic tail in water.


Message History

The goblin misses you.
Casting: Freeze (safe; 4% risk of failure)
Confirm with . or Enter, or press ? or * to list all spells.
Aiming: Freeze (safe; 4% risk of failure)
Press: ? - help, Shift-Dir - straight line, f/p - adder
Aim: an adder (almost dead, slow)
You freeze the adder.
You kill the adder!
You feel sick. The goblin closely misses you.
Casting: Freeze (safe; 4% risk of failure)
Confirm with . or Enter, or press ? or * to list all spells.
Aiming: Freeze (safe; 4% risk of failure)
Press: ? - help, Shift-Dir - straight line, f - goblin
Aim: a goblin, wielding a +0 club You freeze the goblin.
The goblin is heavily wounded.
You feel sick. The goblin hits you with a +0 club.
* * * LOW HITPOINT WARNING * * *
Okay, then.
Reach: c) +0 trident
Press: ? - help, Dir - move target, f/p - goblin
Aim: a goblin, wielding a +0 club (heavily wounded, about 53% to evade your +0 trident)
You closely miss the goblin.
The goblin is heavily wounded.
You feel sick. The goblin barely misses you.
Reach: c) +0 trident
Press: ? - help, Dir - move target, f/p - goblin
Aim: a goblin, wielding a +0 club (heavily wounded, about 53% to evade your +0 trident)
You barely miss the goblin.
The goblin is heavily wounded.
You feel sick. The goblin hits you but does no damage.
Reach: c) +0 trident
Press: ? - help, Dir - move target, f/p - goblin
Aim: a goblin, wielding a +0 club (heavily wounded, about 53% to evade your +0 trident)
You barely miss the goblin.
The goblin is heavily wounded.
You feel sick.
You are no longer poisoned.
The goblin hits you but does no damage. The goblin hits you with a +0 club.
You die...

## .. .# #.. #
.. .... #.
.#..#..
#.###.#...
####.....=.#
..........###..
.......@g......
........#..###.
......... ....
.......... ....
.##........ ...
#.....##.. ..
#..#### ... .
... ###


You could see a goblin.

Vanquished Creatures
  An adder (D:2)
  2 dart slugs (D:1)
  An endoplasm (D:1)
  A giant cockroach (D:2)
  3 goblins (D:1)
  3 hobgoblins (D:1)
  5 jackals (D:1)
  2 kobolds (D:1)
  A ball python (D:1)
  2 bats (D:1)
  3 rats (D:1)
24 creatures vanquished.

Notes
Turn   | Place    | Note
-------+----------+-------------------------------------------
     0 | D:1      | Autsider the Merfolk Ice Elementalist began the quest for
                  | the Orb.
     0 | D:1      | Reached XP level 1. HP: 13/13 MP: 3/3
   163 | D:1      | Reached XP level 2. HP: 20/20 MP: 0/5
   216 | D:1      | Found Ciufeo's Jewellery Emporium.
   291 | D:1      | Reached skill level 1 in Polearms
   415 | D:1      | Reached skill level 1 in Fighting
   497 | D:1      | Reached XP level 3. HP: 26/26 MP: 3/6
   590 | D:1      | Found a faded altar of an unknown god.
   770 | D:2      | Slain by a goblin

Illustrated notes

Levels and vault maps discovered:
D:1:      lightli_arrival_statuegarden, layout_rooms, serial_shops,
          nicolae_shop_tiny_glass, dreamdust_ecumenical_altar_grove
D:2:      layout_rooms, uniq_robin

Skill      XL: |  1  2 |
---------------+-------+-----
Dodging        | 3 |  3.4
Polearms       | 1 |  1.7
Fighting       | 1 |  1.3
Stealth        | |  2.1
Spellcasting   | |  2.0
Ice Magic      | |  4.7

Action                     || total
---------------------------++-------
  Melee: Trident           ||    49
   Cast: Freeze            ||    25
   Stab: Sleeping          ||     2
 Armour: Robe              ||     7
         Leather armour    ||    20
  Dodge: Dodged            ||    33

Table legend: (Time is in decaauts)
 A = Elapsed time spent in this place.
 B = Non-inter-level travel time spent in this place.
 C = Inter-level travel time spent in this place.
 D = Time resting spent in this place.
 E = Time spent auto-exploring this place.
 F = Levels seen in this place.
 G = Mean time per level.
                   A        B        C        D        E       F      G
               +--------+--------+--------+--------+--------+-----+--------+
         Total |    781 |    730 |     51 |     25 |    492 |   2 |  390.5 |
       Dungeon |    781 |    730 |     51 |     25 |    492 |   2 |  390.5 |
               +--------+--------+--------+--------+--------+-----+--------+

Top non-repeatable levels by time:
     D:1: 762 daAuts
     D:2: 18 daAuts
